 Dungeon Crawl Stone Soup version 0.29-a0-719-g0fec994a2d (webtiles) character file.

Game seed: 17703167201369778167

24 CrazyBamboolord the Ducker (level 2, 0/14 HPs)
             Began as a Felid Monk on June 27, 2022.
             Slain by a jackal (2 damage)
             ... on level 1 of the Dungeon.
             The game lasted 00:02:56 (1224 turns).

CrazyBamboolord the Ducker (Felid Monk)             Turns: 1224, Time: 00:02:56

Health: 0/14       AC:  1    Str:  7    XL:     2   Next: 79%
Magic:  3/3        EV: 19    Int: 11    God:
Gold:   30         SH:  0    Dex: 18    Spells: 1/1 levels left
                                        Lives:  0   Deaths: 0

rFire   . . .      SeeInvis +     - Unarmed
rCold   . . .      Faith    .   (shield unavailable)
rNeg    . . .      Spirit   .   (body armour unavailable)
rPois   .          Reflect  .   (helmet unavailable)
rElec   .          Harm     .   (cloak unavailable)
rCorr   .          Rampage  .   (gloves unavailable)
Will    .....                   (boots unavailable)
Stlth   +++.......              (no amulet)
HPRegen 0.04/turn               (no ring)
MPRegen 0.08/turn               (no ring)

@: quick
A: very small, claws 1, fangs 3, see invisible, speed 1, shaggy fur 1, stealthy
paws, no weapons or thrown items, no armour, multi-lived
a: no special abilities


You were on level 1 of the Dungeon.
You visited 1 branch of the dungeon, and saw 1 of its levels.

You collected 30 gold pieces.

Inventory:

Scrolls
 b - a scroll of identify {unknown}
 c - a scroll of brand weapon {unknown}
 e - a scroll of noise {unknown}
Potions
 a - a potion of ambrosia
 d - 2 potions of heal wounds {unknown}
 f - a potion of mutation {unknown}
 g - a potion of haste {unknown}
 h - a potion of might {unknown}
 i - a potion of curing {unknown}
 j - a potion of flight {unknown}


   Skills:
 * Level 3.2 Fighting
 * Level 4.4 Dodging
 * Level 3.1 Stealth
 * Level 3.3 Unarmed Combat


You had one spell level left.
You didn't know any spells.
Your spell library contained the following spells:

 Spells                   Type           Power      Damage    Failure   Level
 Magic Dart               Conj           0%         1d3       34%         1
 Call Imp                 Summ           0%         N/A       47%         2
 Scorch                   Fire           0%         2d5       47%         2
 Mephitic Cloud           Conj/Pois/Air  0%         N/A       71%         3
 Flame Wave               Conj/Fire      0%         2d4       98%         4
 Summon Cactus Giant      Summ           0%         N/A       100%        6


Dungeon Overview and Level Annotations

Branches:
Dungeon (1/15)

Altars:


Innate Abilities, Weirdness & Mutations

You have sharp claws.
You have razor-sharp teeth.
You have supernaturally acute eyesight. (SInv)
You cover ground quickly. (Speed+)
You are covered in fur. (AC +1)
Your paws help you pounce on unaware monsters.
You are incapable of wielding weapons or throwing items.
You cannot wear armour.
You gain extra lives every three experience levels.


Message History

You scratch the jackal.
You kill the jackal!
You closely miss the ball python. Your bite misses the ball python.
The ball python barely misses you. The ball python grabs you.
The ball python constricts you. The ball python bites you.
The ball python constricts you.
You are too injured to fight recklessly!
You are too injured to fight recklessly!
You are too injured to fight recklessly!
You escape the ball python's grasp.
You scratch the ball python.
You kill the ball python!
The jackal bites you.
* * * LOW HITPOINT WARNING * * *
You scratch the jackal but do no damage.
The jackal misses you.
You barely miss the jackal. The jackal barely misses you.
You scratch the jackal but do no damage.
The jackal closely misses you. The jackal misses you.
You scratch the jackal.
The jackal is almost dead.
The jackal bites you.
* * * LOW HITPOINT WARNING * * *
The jackal attacks as you move away! The jackal bites you.
* * * LOW HITPOINT WARNING * * *
The jackal attacks as you move away! The jackal closely misses you.
The jackal attacks as you move away! The jackal completely misses you.
The jackal attacks as you move away! The jackal barely misses you.
The jackal closely misses you. The jackal attacks as you move away!
The jackal closely misses you. The jackal attacks as you move away!
The jackal barely misses you. The jackal attacks as you move away!
The jackal barely misses you.
You enter the shallow water.
Moving in this stuff is going to be slow.
The jackal attacks as you move away! The jackal closely misses you.
The jackal barely misses you. The jackal attacks as you move away!
The jackal misses you. The jackal misses you.
The jackal attacks as you move away! The jackal bites you.
You die...

#†## #........##.# #.#
##.######.##.# #.# ######...##
#.##.# #.# #.........####.##.#
#.# #.###.............#
#.###.###.#.#.####.####
#.........#.#.# #.#
#####.#####.#.####.#
#......@.......#
#######h######## #.# ###
#h####### #≈#
################.......# #≈#
........##.......#####.###≈####
#######.##.#####.# #.##.≈...# #
#.##.# ##.#####h##†≈...# #
#####.##.####...##......≈...#


You could see 2 jackals.

Vanquished Creatures
  3 bats (D:1)
  3 endoplasms (D:1)
  2 giant cockroaches (D:1)
  A goblin (D:1)
  2 hobgoblins (D:1)
  2 jackals (D:1)
  4 ball pythons (D:1)
  A frilled lizard (D:1)
  A kobold (D:1)
  3 rats (D:1)
22 creatures vanquished.

Notes
Turn   | Place    | Note
-------+----------+-------------------------------------------
     0 | D:1      | CrazyBamboolord the Felid Monk began the quest for the Orb.
     0 | D:1      | Reached XP level 1. HP: 10/10 MP: 2/2
   774 | D:1      | Reached XP level 2. HP: 14/14 MP: 3/3
  1224 | D:1      | Slain by a jackal

Illustrated notes

Levels and vault maps discovered:
D:1:      ncdulo_halloftheorcs, layout_loops_corners, serial_rivers,
          chequers_serial_rivers_micro_b, chequers_serial_rivers_micro_c,
          chequers_serial_rivers_small_a, chequers_serial_rivers_micro_b,
          chequers_serial_rivers_micro_d, kennysheep_nondescript

Skill      XL: |  1  2 |
---------------+-------+-----
Stealth        | 3 |  3.1
Fighting       | |  3.2
Dodging        | |  4.4
Unarmed Combat | |  3.3

Action                   || total
-------------------------++-------
Melee: Unarmed           ||    48
       Bite              ||     7
       Punch             ||     2
 Stab: Sleeping          ||     6
Armor: Skin              ||     3
Dodge: Dodged            ||    43

Table legend: (Time is in decaauts)
 A = Elapsed time spent in this place.
 B = Non-inter-level travel time spent in this place.
 C = Inter-level travel time spent in this place.
 D = Time resting spent in this place.
 E = Time spent auto-exploring this place.
 F = Levels seen in this place.
 G = Mean time per level.
                   A        B        C        D        E       F      G
               +--------+--------+--------+--------+--------+-----+--------+
         Total |   1075 |   1054 |     21 |     66 |    755 |   1 | 1075.0 |
       Dungeon |   1075 |   1054 |     21 |     66 |    755 |   1 | 1075.0 |
               +--------+--------+--------+--------+--------+-----+--------+

Top non-repeatable levels by time:
     D:1: 1075 daAuts
